 Dungeon Crawl Stone Soup version 0.20.2-3-g29329e0561 (webtiles) character file.

319 Alfie the Shooter (level 6, -4/52 HPs)
             Began as a Minotaur Hunter on Aug 20, 2020.
             Slain by a two-headed ogre
             ... wielding a +0 giant club
              (33 damage)
             ... on level 4 of the Dungeon.
             The game lasted 00:10:04 (2647 turns).

Alfie the Shooter (Minotaur Hunter)                 Turns: 2647, Time: 00:10:05

Health: -4/52      AC:  6    Str: 19    XL:     6   Next: 21%
Magic:  5/5        EV: 12    Int:  8    God:
Gold:   214        SH:  0    Dex: 10    Spells: 4/5 levels left

rFire    + . .     SeeInvis .   p - +2 short sword (elec)
rCold    . . .     Gourm    .   (no shield)
rNeg     . . .     Faith    .   t - +3 leather armour {rF+}
rPois    .         Spirit   .   (helmet restricted)
rElec    .         Reflect  .   (no cloak)
rCorr    .         Harm     +   (no gloves)
MR       .....                  (no boots)
Stlth    +.........             b - amulet of harm
Regen    0.2/turn               (no ring)
MPRegen  0.1/turn               (no ring)

@: lethally poisoned (-4 -> -4)
A: retaliatory headbutt, horns 2
a: no special abilities


You were on level 4 of the Dungeon.
You were not hungry.

You visited 1 branch of the dungeon, and saw 4 of its levels.

You collected 214 gold pieces.

Inventory:

Hand Weapons
 a - a +1 shortbow
 p - a +2 short sword of electrocution (weapon)
Missiles
 d - 66 arrows
Armour
 t - a +3 leather armour of fire resistance (worn)
Jewellery
 b - an amulet of harm (around neck)
Wands
 s - a wand of flame (20/48)
Scrolls
 c - a scroll of identify
 g - 3 scrolls of teleportation
 i - a scroll of magic mapping {unknown}
 n - a scroll of remove curse
 q - a scroll of recharging {unknown}
Potions
 e - a potion of curing {unknown}
 h - 2 potions of heal wounds
 j - a potion of degeneration {unknown}
 l - a potion of agility
Books
 m - a book of Misfortune

   Spells                             Type                      Level
   a - Confusing Touch                Hexes                        1
   b - Confuse                        Hexes                        3
   c - Gell's Gravitas                Translocation                3
   d - Petrify                        Transmutation/Earth          4
   e - Metabolic Englaciation         Hexes/Ice                    5
   f - Yara's Violent Unravelling     Hexes/Transmutation          5
Comestibles
 f - 4 bread rations
 o - 4 fruits
 r - a meat ration


   Skills:
 + Level 3.8 Fighting
 + Level 1.6 Short Blades
 + Level 7.1 Bows
 + Level 1.9 Armour
 + Level 2.4 Dodging
 + Level 0.7 Stealth


You had 4 spell levels left.
You knew the following spells:

 Your Spells              Type           Power        Failure   Level  Hunger
a - Confusing Touch       Hex            #.....       45%         1    ##.....


Dungeon Overview and Level Annotations

Branches:
Dungeon (4/15)             Temple (0/1) D:4

Altars:
Ashenzari
Elyvilon
Ru
Yredelemnul


Innate Abilities, Weirdness & Mutations

You reflexively headbutt those who attack you in melee.
You have a pair of horns on your head.


Message History

You open the door.
An adder, a worker ant and a two-headed ogre come into view.
The worker ant twitches its antennae in your direction.
The two-headed ogre shouts in stereo!
The adder hisses angrily.
Found 3 scrolls of teleportation, 25 stones and a ring mail.
You feel sick. The adder bites you. The adder barely misses you.
You furiously retaliate!
You headbutt the adder!
You kill the adder!
Found a stone staircase leading up.
You hit the two-headed ogre.
The two-headed ogre is lightly wounded.
You feel sick.
The two-headed ogre hits you with a giant club!
The two-headed ogre barely misses you.
You hit the two-headed ogre. You headbutt the two-headed ogre!
The two-headed ogre is heavily wounded.
The two-headed ogre barely misses you.
The two-headed ogre hits you with a giant club!!
Ouch! That really hurt!
You die...

### <...###
...... #..#.
...## #..# #@#
.... #O#### ..>
#a†..## ...
##'#..# ..
..##.##
.#####.#
..?.#..#
.......#
#..?.#..#
..<##..#
##[(##..#######
.......#
####..†......#


You could see a two-headed ogre and a worker ant.

Vanquished Creatures
  A hound (D:3)
  An orc wizard (D:3)
  A bullfrog skeleton (D:4)
  An iguana (D:4)
  Ijyb (D:3)
  A worker ant (D:4)
  7 gnolls
  2 adders
  2 dart slugs (D:3)
  8 orcs (D:3)
  4 giant cockroaches
  5 hobgoblins
  9 kobolds
  2 quokkas (D:3)
  8 bats
  4 frilled lizards
  9 goblins
  5 rats
  A bush (D:3)
72 creatures vanquished.

Notes
Turn   | Place    | Note
-------+----------+-------------------------------------------
     0 | D:1      | Alfie the Minotaur Hunter began the quest for the Orb.
     0 | D:1      | Reached XP level 1. HP: 18/18 MP: 0/0
   283 | D:1      | Reached XP level 2. HP: 25/25 MP: 1/1
   337 | D:1      | Reached skill level 5 in Bows
   981 | D:2      | Learned a level 1 spell: Confusing Touch
   997 | D:2      | Found a shattered altar of Ashenzari.
  1063 | D:2      | Reached XP level 3. HP: 30/30 MP: 2/2
  1108 | D:3      | Reached skill level 1 in Armour
  1122 | D:3      | Found a basalt altar of Yredelemnul.
  1125 | D:3      | Found a sacrificial altar of Ru.
  1306 | D:3      | Reached XP level 4. HP: 16/38 MP: 3/3
  1358 | D:3      | Reached skill level 6 in Bows
  1576 | D:3      | Reached XP level 5. HP: 45/45 MP: 4/4
  1858 | D:3      | Noticed Ijyb
  1880 | D:3      | Killed Ijyb
  1880 | D:3      | Reached skill level 1 in Short Blades
  1936 | D:3      | Found a white marble altar of Elyvilon.
  2388 | D:4      | Found a staircase to the Ecumenical Temple.
  2426 | D:4      | Reached skill level 7 in Bows
  2426 | D:4      | Reached XP level 6. HP: 40/52 MP: 5/5
  2641 | D:4      | Noticed a two-headed ogre
  2647 | D:4      | Slain by a two-headed ogre

Skill      XL: |  1  2  3  4  5 |
---------------+----------------+-----
Bows           | 5 6 7 |  7.1
Armour         | 1 |  1.9
Fighting       | 3 |  3.8
Short Blades   | 1 |  1.6
Dodging        | |  2.4
Stealth        | |  0.7

Action                   |  1- 3 |  4- 6 || total
-------------------------+-------+-------++-------
Melee: Short sword       |    15 |   122 ||   137
       Headbutt          |     3 |    33 ||    36
 Fire: Shortbow          |   101 |    69 ||   170
  Use: Scroll            |     2 |     6 ||     8
       Potion            |       |     1 ||     1
  Eat: Bread ration      |     1 |       ||     1
       Royal jelly       |       |     1 ||     1
Armor: Leather armour    |    11 |    11 ||    22
Dodge: Dodged            |    34 |    39 ||    73
